 Dungeon Crawl Stone Soup version 0.21-a0-442-g848f44b (webtiles) character file.

29 Laiders the Conjurer (level 3, 0/19 HPs)
             Began as a Tengu Wizard on Nov 16, 2017.
             Slain by a goblin (2 damage)
             ... on level 2 of the Dungeon.
             The game lasted 00:04:17 (1181 turns).

Laiders the Conjurer (Tengu Wizard)                 Turns: 1181, Time: 00:04:18

Health: 0/19       AC:  2    Str:  7    XL:     3   Next: 16%
Magic:  0/8        EV: 12    Int: 19    God:
Gold:   21         SH:  0    Dex: 12    Spells: 3/8 levels left

rFire    . . .     SeeInvis .   n - +0 short sword
rCold    . . .     Gourm    .   (no shield)
rNeg     . . .     Faith    .   a - +0 robe
rPois    .         Spirit   .   b - +0 hat
rElec    .         Reflect  .   (no cloak)
rCorr    .         Harm     .   (no gloves)
MR       .....                  (boots unavailable)
Stlth    ++........             (no amulet)
HPRegen  0.06/turn              (no ring)
MPRegen  0.11/turn              (no ring)

@: no status effects
A: beak, talons 3
a: no special abilities


You were on level 2 of the Dungeon.
You were hungry.

You visited 1 branch of the dungeon, and saw 2 of its levels.

You collected 21 gold pieces.

Inventory:

Hand Weapons
 n - a +0 short sword (weapon)
Armour
 a - a +0 robe (worn)
 b - a +0 hat (worn)
Jewellery
 m - an uncursed ring of ice
Scrolls
 h - a scroll of amnesia {unknown}
 i - a scroll of enchant weapon {unknown}
 j - 3 scrolls of identify {unknown}
Potions
 e - a potion of ambrosia {unknown}
 k - a potion of curing {unknown}
 l - a potion of lignification {unknown}
 o - a potion of brilliance {unknown}
Books
 c - a book of Minor Magic

   Spells                             Type                      Level
   a - Magic Dart                     Conjuration                  1
   b - Blink                          Translocation                2
   c - Call Imp                       Summoning                    2
   d - Slow                           Hexes                        2
   e - Conjure Flame                  Conjuration/Fire             3
   f - Mephitic Cloud                 Conjuration/Poison/Air       3
Comestibles
 d - 4 bread rations
 f - a meat ration
 g - a royal jelly


   Skills:
 - Level 2.1 Dodging
 - Level 2.0 Stealth
 + Level 3.2 Spellcasting
 + Level 3.5 Conjurations
 - Level 1.2 Summonings
 - Level 0.7 Translocations


You had 3 spell levels left.
You knew the following spells:

 Your Spells              Type           Power        Failure   Level  Hunger
a - Magic Dart            Conj           ###.         3%          1    None
b - Call Imp              Summ           #.......     14%         2    ##.....
c - Blink                 Tloc           N/A          17%         2    ##.....


Dungeon Overview and Level Annotations

Branches:
Dungeon (2/15)

Altars:

Annotations:
D:2 Jessica, Terence


Innate Abilities, Weirdness & Mutations

You have a beak for a mouth.
You have claws for feet.


Message History

Jessica mumbles some strange words.
Jessica blinks!
The bat hits you but does no damage. The bat closely misses you.
The bat misses you.
Jessica shouts, "Stop bothering me, or I'll kill you!"
A bat comes into view.
The bat hits you but does no damage. The bat completely misses you.
Jessica mumbles some strange words.
Jessica blinks!
Casting: Magic Dart
Confirm with . or Enter, or press ? or * to list all spells.
Aiming: Magic Dart
Press: ? - help, Shift-Dir - straight line, f - bat
Aim: a bat The magic dart hits the bat.
You kill the bat!
The hobgoblin hits you with a club.
* * * LOW HITPOINT WARNING * * *
The goblin hits you.
You die...

#### ########
#######...
#....g.####.......#
#r####.#......##..####
#§####@#.##.#........#
#.##.g...##.####..##.##
#.##.#.####.####......>
#.##r#.## #............
#g..§(..# ########.#.#.
#.##.##..... #.#...
#.##.# ..... #.###.
...... ....... #.###.
#..#........... #.....


You could see a hobgoblin, a goblin and a rat.

Vanquished Creatures
  An adder (D:2)
  5 bats
  4 giant cockroaches (D:1)
  A goblin (D:1)
  3 hobgoblins (D:1)
  3 frilled lizards (D:1)
  2 kobolds (D:1)
19 creatures vanquished.

Notes
Turn   | Place    | Note
-------+----------+-------------------------------------------
     0 | D:1      | Laiders the Tengu Wizard began the quest for the Orb.
     0 | D:1      | Reached XP level 1. HP: 10/10 MP: 5/5
   289 | D:1      | Reached XP level 2. HP: 15/15 MP: 5/7
   488 | D:1      | Learned a level 2 spell: Call Imp
   491 | D:1      | Learned a level 2 spell: Blink
  1149 | D:2      | Noticed Jessica
  1150 | D:2      | Reached XP level 3. HP: 19/19 MP: 4/8
  1157 | D:2      | Noticed Terence
  1181 | D:2      | Slain by a goblin

Vault maps used:
D:1:      dpeg_arrival_pits, minmay_misc_feat_room, minmay_misc_feat_rugged
D:2:      minmay_wonky_spiral, old_standard_altar, first_bread, uniq_terence,
          uniq_jessica

Skill      XL: |  1  2 |
---------------+-------+-----
Conjurations   | 2 3 |  3.5
Dodging        | |  2.1
Stealth        | |  2.0
Spellcasting   | |  3.2
Summonings     | |  1.2
Translocations | |  0.7

Action                   || total
-------------------------++-------
Melee: Dagger            ||     5
       Kick              ||     1
       Short sword       ||     1
       Peck              ||     1
 Cast: Magic Dart        ||    50
Armor: Robe              ||     6
Dodge: Dodged            ||    22

Table legend:
 A = Spawn XP
 B = Non-spawn XP
 C = Spawn XP percentage of total XP
 D = Spawn monster count
 E = Non-spawn monster count
 F = Spawn count percentage of total count
 G = Total turns spent on level
                    A         B        C        D         E        F      G
               +---------+---------+-------+---------+---------+-------+---------
         Total |       0 |      42 |   0.0 |       0 |      19 |   0.0 |  1181
               +---------+---------+-------+---------+---------+-------+---------
           D:1 |       0 |      26 |   0.0 |       0 |      16 |   0.0 |  1117
           D:2 |       0 |      16 |   0.0 |       0 |       3 |   0.0 |    64
               +---------+---------+-------+---------+---------+-------+---------
